 Dungeon Crawl Stone Soup version 0.19-a0-1341-g3513869 (webtiles) character file.

67 Leszczynek the Cudgeler (level 4, -5/48 HPs)
             Began as an Ogre Monk on Sept 1, 2016.
             Was a Believer of Okawaru.
             Slain by a scorpion (6 damage)
             ... on level 4 of the Dungeon.
             The game lasted 00:04:25 (907 turns).

Leszczynek the Cudgeler (Ogre Monk)                  Turns: 907, Time: 00:04:25

Health: -5/48      AC:  3    Str: 16    XL:     4   Next: 16%
Magic:  3/4        EV: 10    Int: 10    God:    Okawaru [**....]
Gold:   91         SH:  0    Dex: 12    Spells: 0 memorised, 3 levels left

rFire  . . .     SeeInvis .     a - +0 mace
rCold  . . .     Gourm    .     b - +0 robe
rNeg   . . .     Faith    .     (no shield)
rPois  .         Spirit   .     (helmet restricted)
rElec  .         Dismiss  .     (no cloak)
rCorr  .         Reflect  .     (gloves unavailable)
MR     .....     Harm     .     (boots unavailable)
Stlth  ++........               (no amulet)
                                (no ring)
                                (no ring)

@: lethally poisoned (-5 -> -9)
A: unfitting armour, tough skin 1
a: Heroism, Renounce Religion


You were on level 4 of the Dungeon.
You worshipped Okawaru.
Okawaru was pleased with you.
You were not hungry.

You visited 1 branch of the dungeon, and saw 4 of its levels.

You collected 91 gold pieces.

Inventory:

Hand Weapons
 a - a +0 mace (weapon)
Armour
 b - a +0 robe (worn)
Scrolls
 c - 3 scrolls of identify {unknown}
 e - 2 scrolls of amnesia {unknown}
 h - 2 scrolls of remove curse {unknown}
 j - a scroll of random uselessness {unknown}
 k - a scroll of fear {unknown}
 l - a scroll of recharging {unknown}
 m - a scroll of enchant weapon {unknown}
 n - a scroll of teleportation {unknown}
Potions
 i - a potion of brilliance {unknown}
 o - a potion of agility {unknown}
 p - a potion of curing {unknown}
Comestibles
 d - a bread ration


   Skills:
 - Level 4.0 Fighting
 + Level 6.5 Maces & Flails
 - Level 2.6 Dodging
 - Level 1.5 Stealth


You had 3 spell levels left.
You didn't know any spells.

Dungeon Overview and Level Annotations

Branches:
Dungeon (4/15)
 Temple: D:4-7

Altars:
Elyvilon
Okawaru


Innate Abilities, Weirdness & Mutations

You are too large for most types of armour.
You have tough skin. (AC +1)


Message History

The scorpion stings you but does no damage.
You barely miss the scorpion.
The scorpion is heavily wounded.
The scorpion stings you.
* * * LOW HITPOINT WARNING * * *
You are poisoned.
The scorpion poisons you!
You barely miss the scorpion.
The scorpion is heavily wounded.
You feel sick.
You hit the scorpion but do no damage.
The scorpion is heavily wounded.
You feel like a meek peon again. The scorpion stings you!
* * * LOW HITPOINT WARNING * * *
You hit the scorpion.
The scorpion is severely wounded.
* * * LOW HITPOINT WARNING * * *
You feel sick. The scorpion stings you.
You die...

#.# #.#
#.##########
##.##..).....
##...#<#
#......#
##...#.#
#.#####.##.#
#...s@....[#
#.#####.####
#+#


You could see a scorpion.

Vanquished Creatures
  A hound zombie (D:4)
  A gnoll (D:2)
  A worm (D:2)
  A dart slug (D:3)
  4 giant geckos
  4 orcs (D:3)
  2 giant cockroaches
  6 goblins
  3 jackals (D:4)
  3 bats
  A giant newt (D:3)
  2 rats (D:3)
29 creatures vanquished.

Notes
Turn   | Place    | Note
-------+----------+-------------------------------------------
     0 | D:1      | Leszczynek the Ogre Monk began the quest for the Orb.
     0 | D:1      | Reached XP level 1. HP: 24/24 MP: 1/1
   127 | D:1      | Reached XP level 2. HP: 29/32 MP: 2/2
   206 | D:3      | Found an iron altar of Okawaru.
   209 | D:3      | Reached skill level 5 in Maces & Flails
   244 | D:2      | Reached XP level 3. HP: 35/39 MP: 3/3
   390 | D:2      | Found a white marble altar of Elyvilon.
   596 | D:3      | HP: 2/39 [orc/hand axe (5)]
   598 | D:3      | Reached skill level 6 in Maces & Flails
   613 | D:3      | Became a worshipper of Warmaster Okawaru
   613 | D:3      | Reached * piety under Okawaru
   613 | D:3      | Reached ** piety under Okawaru
   734 | D:4      | Reached XP level 4. HP: 13/48 MP: 4/4
   906 | D:4      | HP: 2/48 [scorpion (7)]
   907 | D:4      | Slain by a scorpion

Vault maps used:
D:1:      denvon_arrival_planthouse
D:2:      elyvilon_altar_5
D:3:      lemuel_doored_altar, okawaru_gym_becter
D:4:      uniq_edmund, uniq_menkaure

Skill      XL: |  1  2  3 |
---------------+----------+-----
Maces & Flails | 5 6 |  6.5
Fighting       | |  4.0
Dodging        | |  2.6
Stealth        | |  1.5

Action                   |  1- 3 |  4- 6 || total
-------------------------+-------+-------++-------
Melee: Mace              |    97 |    32 ||   129
Invok: Heroism           |       |     2 ||     2
 Stab: Sleeping          |     2 |       ||     2
  Eat: Pizza             |       |     1 ||     1
Armor: Robe              |    24 |     4 ||    28
Dodge: Dodged            |    50 |    17 ||    67
